 Dungeon Crawl Stone Soup version 0.27-a0-660-g90476cec82 (webtiles) character file.

Game seed: 17346344419058196730

14112 robertstho the Frost Mage (level 12, -3/91 HPs)
             Began as a Gnoll Ice Elementalist on Mar 15, 2021.
             Was a Priest of Sif Muna.
             Slain by a death yak (19 damage)
             ... on level 2 of the Lair of Beasts on Mar 16, 2021.
             The game lasted 00:26:42 (15066 turns).

robertstho the Frost Mage (Gnoll Ice Elementalist) Turns: 15066, Time: 00:26:43

Health: -3/91      AC: 15    Str:  7    XL:     12   Next: 13%
Magic:  4/24       EV: 15    Int: 20    God:    Sif Muna [***...]
Gold:   147        SH:  0    Dex: 13    Spells: 13/28 levels left

rFire    . . .     SeeInvis .   w - +2 broad axe of Megalomania {elec, rElec Will+}
rCold    . . .     Faith    .   (no shield)
rNeg     . . .     Spirit   .   a - +0 robe
rPois    +         Reflect  .   (no helmet)
rElec    +         Harm     .   P - +0 cloak
rCorr    .         Rampage  .   o - +0 pair of gloves
Will     +....                  m - +0 pair of boots
Stlth    ++++......             g - amulet of regeneration
HPRegen  1.25/turn              f - ring of flight
MPRegen  0.19/turn              Q - ring of poison resistance

@: ice-armoured
A: fangs 1, strong nose, distributed training
a: Renounce Religion, Evoke Flight, Channel Magic, Forget Spell


You were on level 2 of the Lair of Beasts.
You worshipped Sif Muna.
Sif Muna was most pleased with you.
You visited 3 branches of the dungeon, and saw 13 of its levels.
You also visited: Ossuary.

You collected 723 gold pieces.
You spent 576 gold pieces at shops.

Inventory:

Hand Weapons
 w - the +2 broad axe of Megalomania (weapon) {elec, rElec Will+}
   (You bought it in a shop on level 7 of the Dungeon)

   Occasionally, upon striking a foe, it can discharge electrical energy and
   cause terrible harm.
   It insulates you from electricity.
   It affects your willpower, your defense against some magical effects.
 C - a +4 vorpal dire flail
 N - a +2 shortbow of freezing
Missiles
 O - 148 arrows
Armour
 a - a +0 robe (worn)
 m - a +0 pair of boots (worn)
 o - a +0 pair of gloves (worn)
 P - a +0 cloak (worn)
Jewellery
 f - a ring of flight (right hand)
 g - an amulet of regeneration (around neck)
 Q - a ring of poison resistance (left hand)
Wands
 n - a wand of flame (16)
 p - a wand of acid (7)
 y - a wand of iceblast (7)
 E - a wand of digging (3)
Scrolls
 c - 2 scrolls of acquirement {unknown}
 h - 8 scrolls of teleportation
 i - 3 scrolls of fear {unknown}
 j - 2 scrolls of amnesia {unknown}
 k - a scroll of immolation {unknown}
 l - a scroll of silence {unknown}
 u - a scroll of fog {unknown}
 x - 3 scrolls of noise {unknown}
 z - 2 scrolls of magic mapping {unknown}
 H - 2 scrolls of enchant armour {unknown}
 I - a scroll of blinking {unknown}
 J - 7 scrolls of enchant weapon {unknown}
 L - 2 scrolls of random uselessness {unknown}
Potions
 b - 6 potions of lignification
 d - a potion of magic
 e - 2 potions of ambrosia
 q - a potion of mutation {unknown}
 r - 4 potions of haste {unknown}
 s - 3 potions of brilliance
 t - 9 potions of curing
 v - 5 potions of might
 D - a potion of heal wounds
 G - a potion of flight


   Skills:
 + Level 7.0 Fighting
 + Level 7.0 Short Blades
 + Level 7.0 Long Blades
 + Level 7.0 Axes
 + Level 7.0 Maces & Flails
 + Level 7.0 Polearms
 + Level 7.0 Staves
 + Level 7.0 Slings
 + Level 7.0 Bows
 + Level 7.0 Crossbows
 + Level 7.0 Throwing
 + Level 7.0 Armour
 + Level 8.4 Dodging
 + Level 8.2 Stealth
 + Level 7.0 Shields
 + Level 7.0 Unarmed Combat
 + Level 8.7 Spellcasting
 + Level 5.8 Conjurations
 + Level 5.8 Hexes
 + Level 5.8 Summonings
 + Level 5.8 Necromancy
 + Level 5.8 Translocations
 + Level 5.8 Transmutations
 + Level 5.8 Fire Magic
 + Level 9.2 Ice Magic
 + Level 5.8 Air Magic
 + Level 5.8 Earth Magic
 + Level 5.8 Poison Magic
 + Level 7.6 Invocations
 + Level 7.0 Evocations


You had 13 spell levels left.
You knew the following spells:

 Your Spells              Type           Power      Damage    Failure   Level
a - Freeze                Ice            100%       1d11      1%          1
b - Frozen Ramparts       Ice            90%        1d11      1%          3
c - Ozocubu's Armour      Ice            45%        N/A       1%          3
d - Hailstorm             Conj/Ice       38%        3d9       3%          4
e - Summon Ice Beast      Ice/Summ       38%        N/A       3%          4

Your spell library contained the following spells:

 Spells                   Type           Power      Damage    Failure   Level
 Foxfire                  Conj/Fire      100%       2x1d9     1%          1
 Magic Dart               Conj           100%       1d8       1%          1
 Sting                    Tmut/Pois      100%       1d8       1%          1
 Poisonous Vapours        Pois/Air       64%        N/A       1%          2
 Searing Ray              Conj           64%        3d5       1%          2
 Conjure Flame            Conj/Fire      32%        6-21      2%          3
 Dazzling Flash           Conj/Hex       64%        N/A       2%          3
 Ignite Poison            Fire/Tmut/Pois 32%        N/A       2%          3
 Inner Flame              Hex/Fire       32%        N/A       2%          3
 Mephitic Cloud           Conj/Pois/Air  32%        N/A       2%          3
 Fulminant Prism          Conj/Hex       16%        3d11      7%          4
 Iskenderun's Mystic Bla  Conj/Tloc      32%        2d8       7%          4
 Olgreb's Toxic Radiance  Pois           32%        N/A       7%          4
 Sticky Flame             Conj/Fire      32%        2d5       7%          4
 Fireball                 Conj/Fire      16%        3d8       21%         5


Dungeon Overview and Level Annotations

Branches:
Dungeon (10/15)            Temple (1/1) D:6            Lair (2/6) D:8
Ossuary (visited)
  Swamp: Lair:2-4    Shoals: Lair:2-4     Snake: Lair:2-4    Spider: Lair:2-4
    Orc: D:9-12

Altars:
Ashenzari
Cheibriados
Dithmenos
Elyvilon
Fedhas
Gozag
Hepliaklqana
Makhleb
Nemelex Xobeh
Okawaru
Ru
Sif Muna
Trog
Uskayaw
Vehumet
Wu Jian
Xom
Yredelemnul
Zin
The Shining One

Shops:
D:4 [   D:5 *   D:7 (


Innate Abilities, Weirdness & Mutations

You have very sharp teeth.
Your uncanny sense of smell can sniff out nearby items.
Your experience applies equally to all skills.


Message History

Confirm with . or Enter, or press ? or * to list all spells.
Casting: Hailstorm (dangerous; 3% risk of failure)
Press: ? - help, Dir - look around, f - activate A cannonade of hail descends around you!
The hail pelts the death yak.
The death yak is almost dead.
Your ice beast is unaffected.
Your ice beast dances in the hail.
You feel less invigorated.
Your ice beast hits the death yak but does no damage.
The wall freezes the death yak.
The death yak gores you!
* * * LOW HITPOINT WARNING * * *
The wall freezes the death yak!
You kill the death yak!
Sif Muna accepts your kill.
Your Fighting skill increases to level 7!
Your Short Blades skill increases to level 7!
Your Long Blades skill increases to level 7!
Your Axes skill increases to level 7!
Your Maces & Flails skill increases to level 7!
Your Polearms skill increases to level 7!
Your Staves skill increases to level 7!
Your Slings skill increases to level 7!
Your Bows skill increases to level 7!
Your Crossbows skill increases to level 7!
Your Throwing skill increases to level 7!
Your Armour skill increases to level 7!
Your Shields skill increases to level 7!
Your Unarmed Combat skill increases to level 7!
Your Evocations skill increases to level 7!
Unknown command.
Casting: Hailstorm (dangerous; 3% risk of failure)
Confirm with . or Enter, or press ? or * to list all spells.
Casting: Hailstorm (dangerous; 3% risk of failure)
Press: ? - help, Dir - look around, f - activate A cannonade of hail descends around you!
The hail pelts the death yak!!
The death yak is heavily wounded.
Your ice beast is unaffected. x2; The frozen ramparts melt away.
Your ice beast hits the death yak but does no damage.
The death yak gores you!!
You die...

#...# ##....####
#.P..# #.#.......
#.Y..# #####.....
#..Y.## #.#.#.
#....#### ##.###
#Y..Y#.# #####
#..Y..## ##.
##YY.$.# #.#
#@#....## ###.P
####....######.#^.
##...##.##.###.
#P......#.....
###..#...#....
##.#....#...
#####.###P# ###
###


You could see 2 death yaks and 2 friendly ice beasts.

Vanquished Creatures
  A boulder beetle (Lair:2)
  A death yak (Lair:2)
  Sonja (Lair:2)
  A black mamba (Lair:1)
  7 cane toads
  A rime drake (Lair:1)
  A komodo dragon (Lair:1)
  A polar bear (Lair:1)
  Grinder (D:5)
  10 blink frogs (Lair:1)
  A vampire (D:9)
  5 yaks
  A nameless horror (D:5)
  Edmund (D:5)
  9 water moccasins
  Duvessa (D:5)
  An orc warrior (D:9)
  An ice beast (D:5)
  A sky beast (D:5)
  A black bear (D:10)
  5 centaurs
  3 ogres
  A phantom (D:6)
  2 kobold brigands
  7 bullfrogs
  2 elf zombies (Ossuary)
  Dowan (D:5)
  A wyvern skeleton (D:7)
  3 scorpions
  7 killer bees
  A howler monkey (D:5)
  5 bullfrog zombies
  A centaur zombie (D:10)
  9 hounds
  A jelly (D:8)
  6 orc priests
  A bullfrog skeleton (D:6)
  A centaur skeleton (D:5)
  5 iguanas
  9 orc wizards
  6 worker ants
  3 hound zombies
  4 hound skeletons
  4 mummies (Ossuary)
  A howler monkey skeleton (D:4)
  4 gnolls (D:4)
  15 adders
  A shadow imp (D:10)
  2 white imps
  An ufetubus (D:6)
  An ooze (D:1)
  An adder zombie (D:7)
  2 adder skeletons
  5 worms
  4 dart slugs
  10 leopard geckos
  39 orcs
  4 bats
  10 giant cockroaches
  5 goblins
  12 hobgoblins
  6 jackals (D:1)
  16 kobolds
  6 quokkas
  A ball python (D:3)
  3 frilled lizards
  3 gnoll zombies
  3 goblin zombies (Ossuary)
  A jackal zombie (D:5)
  2 leopard gecko skeletons
  6 rats
  A butterfly (D:9)
300 creatures vanquished.

Vanquished Creatures (collateral kills)
  A hydra (Lair:2)
  A death yak (Lair:2)
  An orc warrior (D:10)
  An ice beast (D:8)
  A sky beast (D:10)
  A bullfrog (D:8)
  A white imp (D:6)
  An ufetubus (D:6)
  A leopard gecko (D:6)
  2 jackal zombies (Ossuary)
  An orc zombie (Ossuary)
  3 rat zombies (Ossuary)
15 creatures vanquished.

Vanquished Creatures (others)
  3 fungi (Lair:1)
  A plant (Lair:1)
4 creatures vanquished.

Grand Total: 319 creatures vanquished

Notes
Turn   | Place    | Note
-------+----------+-------------------------------------------
     0 | D:1      | robertstho the Gnoll Ice Elementalist began the quest for
                  | the Orb.
     0 | D:1      | Reached XP level 1. HP: 13/13 MP: 6/6
   293 | D:1      | Reached XP level 2. HP: 5/19 MP: 4/7
  1464 | D:1      | Reached XP level 3. HP: 25/25 MP: 9/9
  1660 | D:1      | Reached skill level 5 in Spellcasting
  1693 | D:1      | Reached skill level 1 in Invocations
  2246 | D:2      | Reached skill level 1 in Fighting
  2246 | D:2      | Reached skill level 1 in Short Blades
  2246 | D:2      | Reached skill level 1 in Long Blades
  2246 | D:2      | Reached skill level 1 in Axes
  2246 | D:2      | Reached skill level 1 in Maces & Flails
  2246 | D:2      | Reached skill level 1 in Polearms
  2246 | D:2      | Reached skill level 1 in Staves
  2246 | D:2      | Reached skill level 1 in Slings
  2246 | D:2      | Reached skill level 1 in Bows
  2246 | D:2      | Reached skill level 1 in Crossbows
  2246 | D:2      | Reached skill level 1 in Throwing
  2246 | D:2      | Reached skill level 1 in Armour
  2246 | D:2      | Reached skill level 1 in Shields
  2246 | D:2      | Reached skill level 1 in Unarmed Combat
  2246 | D:2      | Reached skill level 1 in Evocations
  2264 | D:2      | Reached XP level 4. HP: 27/32 MP: 1/11
  2381 | D:2      | Learned a level 3 spell: Frozen Ramparts
  2385 | D:2      | Learned a level 3 spell: Ozocubu's Armour
  2390 | D:2      | Learned a level 4 spell: Hailstorm
  2816 | D:2      | Reached skill level 1 in Conjurations
  2816 | D:2      | Reached skill level 1 in Hexes
  2816 | D:2      | Reached skill level 1 in Summonings
  2816 | D:2      | Reached skill level 1 in Necromancy
  2816 | D:2      | Reached skill level 1 in Translocations
  2816 | D:2      | Reached skill level 1 in Transmutations
  2816 | D:2      | Reached skill level 1 in Fire Magic
  2816 | D:2      | Reached skill level 1 in Air Magic
  2816 | D:2      | Reached skill level 1 in Earth Magic
  2816 | D:2      | Reached skill level 1 in Poison Magic
  3325 | D:3      | Reached XP level 5. HP: 34/37 MP: 5/12
  3673 | D:3      | Reached XP level 6. HP: 44/44 MP: 5/13
  4419 | D:4      | Reached skill level 5 in Dodging
  4740 | D:4      | Reached XP level 7. HP: 48/50 MP: 9/15
  5048 | D:4      | Found Jymug's Antique Armour Shoppe.
  5079 | D:4      | Bought a bloodstained leather armour for 140 gold pieces
  5079 | D:4      | Identified the +0 leather armour of Diocwull {-Cast rPois
                  | Int+2 SInv} (You bought it in a shop on level 4 of the
                  | Dungeon)
  5126 | D:4      | Reached skill level 5 in Stealth
  5413 | D:4      | Found a basalt altar of Yredelemnul.
  5718 | D:5      | Entered Level 5 of the Dungeon
  5794 | D:5      | Learned a level 4 spell: Summon Ice Beast
  6034 | D:5      | Reached XP level 8. HP: 57/57 MP: 9/16
  6084 | D:5      | Noticed Edmund
  6099 | D:5      | Killed Edmund
  6361 | D:5      | Noticed Duvessa
  6365 | D:5      | Noticed Dowan
  6379 | D:5      | Killed Duvessa
  6381 | D:5      | Killed Dowan
  6763 | D:5      | Noticed a nameless horror
  6779 | D:5      | Killed a nameless horror
  6888 | D:5      | Noticed Grinder
  6890 | D:5      | Paralysed by Grinder for 5 turns
  6897 | D:5      | Paralysed by Grinder for 6 turns
  6923 | D:5      | Paralysed by Grinder for 6 turns
  6931 | D:5      | Killed Grinder
  7243 | D:5      | Found Motut's Serpentskin Sales.
  7252 | D:5      | Reached XP level 9. HP: 56/65 MP: 14/18
  7691 | D:6      | Found a staircase to the Ecumenical Temple.
  7717 | Temple   | Entered the Ecumenical Temple
  7952 | Temple   | Became a worshipper of Sif Muna the Loreminder
  8029 | D:6      | Reached skill level 8 in Ice Magic
  8448 | D:6      | Found an iron altar of Okawaru.
  8623 | D:7      | Found a sand-covered staircase.
  8630 | Ossuary  | Entered an ossuary
  8645 | Ossuary  | Reached skill level 5 in Invocations
  8645 | Ossuary  | Reached * piety under Sif Muna
  8927 | D:7      | Found Bafyant's Weapon Emporium.
  8967 | D:7      | Noticed a +0 dagger
  8967 | D:7      | Noticed a +0 spear
  8967 | D:7      | Noticed a +0 short sword
  8968 | D:7      | Noticed a +0 falchion
  8968 | D:7      | Noticed a +0 dagger
  8968 | D:7      | Noticed a +0 spear
  8970 | D:7      | Noticed a +0 short sword
  8972 | D:7      | Noticed a +0 falchion
  9129 | D:7      | Found a hide-covered altar of Uskayaw.
  9446 | D:8      | Upgraded the game from 0.27-a0-650-g8dd3ea4f36 to
                  | 0.27-a0-660-g90476cec82
  9506 | D:8      | Reached ** piety under Sif Muna
  9519 | D:8      | Reached XP level 10. HP: 50/73 MP: 20/20
  9609 | D:8      | Found a shadowy altar of Dithmenos.
  9611 | D:8      | Found a glowing silver altar of Zin.
  9612 | D:8      | Found an ornate altar of the Wu Jian Council.
  9741 | D:8      | Found a staircase to the Lair.
 10005 | D:8      | Reached skill level 5 in Fighting
 10005 | D:8      | Reached skill level 5 in Short Blades
 10005 | D:8      | Reached skill level 5 in Long Blades
 10005 | D:8      | Reached skill level 5 in Axes
 10005 | D:8      | Reached skill level 5 in Maces & Flails
 10005 | D:8      | Reached skill level 5 in Polearms
 10005 | D:8      | Reached skill level 5 in Staves
 10005 | D:8      | Reached skill level 5 in Slings
 10005 | D:8      | Reached skill level 5 in Bows
 10005 | D:8      | Reached skill level 5 in Crossbows
 10005 | D:8      | Reached skill level 5 in Throwing
 10005 | D:8      | Reached skill level 5 in Armour
 10005 | D:8      | Reached skill level 5 in Shields
 10005 | D:8      | Reached skill level 5 in Unarmed Combat
 10005 | D:8      | Reached skill level 5 in Evocations
 10523 | D:9      | Found a shimmering altar of Xom.
 10872 | Lair:1   | Entered Level 1 of the Lair of Beasts
 11004 | Lair:1   | Noticed a cane toad
 11015 | Lair:1   | Killed a cane toad
 11071 | Lair:1   | Noticed a cane toad
 11085 | Lair:1   | Killed a cane toad
 11110 | Lair:1   | Noticed a cane toad
 11125 | Lair:1   | Killed a cane toad
 11229 | Lair:1   | Noticed a cane toad
 11237 | Lair:1   | Killed a cane toad
 11409 | Lair:1   | Noticed a black mamba
 11422 | Lair:1   | Killed a black mamba
 11540 | Lair:1   | Reached XP level 11. HP: 81/81 MP: 22/22
 11940 | Lair:1   | Reached skill level 5 in Conjurations
 11940 | Lair:1   | Reached skill level 5 in Hexes
 11940 | Lair:1   | Reached skill level 5 in Summonings
 11940 | Lair:1   | Reached skill level 5 in Necromancy
 11940 | Lair:1   | Reached skill level 5 in Translocations
 11940 | Lair:1   | Reached skill level 5 in Transmutations
 11940 | Lair:1   | Reached skill level 5 in Fire Magic
 11940 | Lair:1   | Reached skill level 5 in Air Magic
 11940 | Lair:1   | Reached skill level 5 in Earth Magic
 11940 | Lair:1   | Reached skill level 5 in Poison Magic
 12556 | D:7      | Bought the +2 broad axe of Megalomania {elec, rElec Will+}
                  | for 396 gold pieces
 12592 | D:7      | Bought 20 arrows for 40 gold pieces
 12783 | D:9      | Reached *** piety under Sif Muna
 12805 | D:9      | Reached skill level 9 in Ice Magic
 13377 | D:10     | Entered Level 10 of the Dungeon
 13565 | D:10     | Found a blossoming altar of Fedhas.
 14165 | Lair:2   | Noticed a boulder beetle
 14185 | Lair:2   | Killed a boulder beetle
 14286 | Lair:2   | Noticed Sonja
 14297 | Lair:2   | Killed Sonja
 14437 | Lair:2   | Noticed a six-headed hydra
 14451 | Lair:2   | Killed a six-headed hydra
 14824 | Lair:2   | Reached XP level 12. HP: 79/89 MP: 24/24
 15047 | Lair:2   | Noticed a death yak
 15049 | Lair:2   | Noticed a death yak
 15050 | Lair:2   | Noticed a death yak
 15050 | Lair:2   | Noticed a death yak
 15052 | Lair:2   | Noticed a death yak
 15061 | Lair:2   | Killed a death yak
 15065 | Lair:2   | Killed a death yak
 15066 | Lair:2   | Slain by a death yak

Illustrated notes

Levels and vault maps discovered:
D:1:      minmay_arrival_up_and_down, layout_basic
D:2:      layout_loops_ring
D:3:      layout_basic
D:4:      layout_loops_ring, lemuel_zombie_altar_yredelemnul, serial_shops,
          shop, minivault_19
D:5:      layout_basic, guppyfry_shop_venom, uniq_edmund, uniq_grinder,
          uniq_duvessa
D:6:      layout_rooms, marbit_many_paths, minmay_temple_entry_mini_moons,
          grunt_ministairs_7
D:7:      layout_rooms, nicolae_uskayaw_en_pointe, chequers_ossuary_entry_cave,
          serial_shops, shop_statue
D:8:      layout_basic, chequers_temple_overflow_statue_of_worship,
          lair_entry_dummy
D:9:      layout_roguey, xom_butterflies, hangedman_minor_gate_pass
D:10:     minmay_s_stair_smasher, layout_basic, serial_curves, eino_curves_02,
          eino_curves_01, eino_curves_03, fedhas_altar_4
Temple:   regret_index_temple_generic_petals
Lair:1:   layout_cave_pods, minmay_stone_trees_small,
          chequers_serial_rivers_large_a, st_stairs_9, beast_lair_carwin_4
Lair:2:   layout_concentric_octagons, uniq_sonja

Skill      XL: |  1  2  3  4  5  6  7  8  9 10 11 12 |
---------------+-------------------------------------+-----
Spellcasting   | 5 6 7 8 |  8.7
Invocations    | 1 2 3 4 5 6 7 |  7.6
Fighting       | 1 2 3 4 5 6 7 |  7.0
Short Blades   | 1 2 3 4 5 6 7 |  7.0
Long Blades    | 1 2 3 4 5 6 7 |  7.0
Axes           | 1 2 3 4 5 6 7 |  7.0
Maces & Flails | 1 2 3 4 5 6 7 |  7.0
Polearms       | 1 2 3 4 5 6 7 |  7.0
Staves         | 1 2 3 4 5 6 7 |  7.0
Slings         | 1 2 3 4 5 6 7 |  7.0
Bows           | 1 2 3 4 5 6 7 |  7.0
Crossbows      | 1 2 3 4 5 6 7 |  7.0
Throwing       | 1 2 3 4 5 6 7 |  7.0
Armour         | 1 2 3 4 5 6 7 |  7.0
Shields        | 1 2 3 4 5 6 7 |  7.0
Unarmed Combat | 1 2 3 4 5 6 7 |  7.0
Evocations     | 1 2 3 4 5 6 7 |  7.0
Conjurations   | 1 2 3 4 5 |  5.8
Hexes          | 1 2 3 4 5 |  5.8
Summonings     | 1 2 3 4 5 |  5.8
Necromancy     | 1 2 3 4 5 |  5.8
Translocations | 1 2 3 4 5 |  5.8
Transmutations | 1 2 3 4 5 |  5.8
Fire Magic     | 1 2 3 4 5 |  5.8
Air Magic      | 1 2 3 4 5 |  5.8
Earth Magic    | 1 2 3 4 5 |  5.8
Poison Magic   | 1 2 3 4 5 |  5.8
Dodging        | 5 6 7 8 |  8.4
Stealth        | 5 6 7 8 |  8.2
Ice Magic      | 8 9 |  9.2

Action                   |  1- 3 |  4- 6 |  7- 9 | 10-12 || total
-------------------------+-------+-------+-------+-------++-------
Melee: Unarmed           |    25 |       |       |       ||    25
       Mace              |    48 |    37 |       |       ||    85
       Bite              |     3 |     4 |    32 |     7 ||    46
       Short sword       |       |    72 |   268 |       ||   340
       Punch             |       |       |     5 |       ||     5
       Dagger            |       |       |    98 |    14 ||   112
       Dire flail        |       |       |    48 |       ||    48
       Broad axe         |       |       |       |    21 ||    21
 Fire: Shortbow          |       |       |       |   438 ||   438
 Cast: Freeze            |    46 |    20 |    15 |    16 ||    97
       Frozen Ramparts   |       |    19 |    25 |    21 ||    65
       Hailstorm         |       |     3 |     3 |    16 ||    22
       Ozocubu's Armour  |       |       |     7 |     7 ||    14
       Summon Ice Beast  |       |       |     8 |    32 ||    40
Invok: Channel Magic     |       |       |       |     3 ||     3
  Use: Scroll            |     1 |       |     5 |     5 ||    11
       Potion            |       |       |       |     3 ||     3
 Stab: Sleeping          |     6 |     9 |    20 |       ||    35
       Distracted        |       |       |     1 |       ||     1
Armor: Robe              |    27 |    10 |    71 |    77 ||   185
Dodge: Dodged            |    72 |    66 |   260 |   267 ||   665

Table legend: (Time is in decaauts)
 A = Elapsed time spent in this place.
 B = Non-inter-level travel time spent in this place.
 C = Inter-level travel time spent in this place.
 D = Time resting spent in this place.
 E = Time spent auto-exploring this place.
 F = Levels seen in this place.
 G = Mean time per level.
                   A        B        C        D        E       F      G
               +--------+--------+--------+--------+--------+-----+--------+
         Total |  14973 |  14147 |    826 |    508 |  11155 |  14 | 1069.5 |
       Dungeon |  11813 |  11123 |    690 |    508 |   8592 |  10 | 1181.3 |
        Temple |    261 |    198 |     63 |      0 |    197 |   1 |  261.0 |
          Lair |   2607 |   2536 |     71 |      0 |   2165 |   2 | 1303.5 |
       Ossuary |    291 |    291 |      0 |      0 |    201 |   1 |  291.0 |
               +--------+--------+--------+--------+--------+-----+--------+

Top non-repeatable levels by time:
     D:1: 2238 daAuts
     D:5: 1787 daAuts
  Lair:1: 1772 daAuts
     D:4: 1309 daAuts
     D:9: 1285 daAuts
     D:2: 1109 daAuts
     D:3: 1046 daAuts
     D:8: 1005 daAuts
  Lair:2: 834 daAuts
     D:6: 708 daAuts
     D:7: 684 daAuts
    D:10: 638 daAuts
 Ossuary: 291 daAuts
  Temple: 261 daAuts
